AoeStats
← TioMg100

Oasis

509509379Analyzed
4v4 RM · 6d ago on Sep 27, 2026· 28m 16s· 8 players
Game mode
Random Map
Map size
Large (8 player)
Population
200
Speed
Normal
Resources
Standard
Victory
Conquest
Starting age
Dark Age
Ending age
Imperial Age
RankedLock teamsTeams togetherTeam positionsShared explorationLock speedFull tech treeHidden civsTurbo modeCheats
Victory
Defeat
🇧🇷 Poles · Brazil
1130
+16
🇧🇷 Persians · Brazil
1126
+16
🇧🇷 Koreans · Brazil
1094
+17
🇧🇷 Ethiopians · Brazil
1072
+18
1178
-20
🇵🇪 Inca · Peru
1157
-18
🇲🇽 Mongols · Mexico
1132
-17
🇨🇳 Britons · China
1010
-12
Lucas Capita
0:27 Loom
10:36 Feudal Age
10:58 Double-Bit Axe
10:54 Horse Collar
20:04 Castle Age
18:32 Stone Mining
20:58 Heavy Plow
23:03 Wheelbarrow
22:54 Gold Mining
28:18 Hand Cart
Mkc
7:23 Loom
10:18 Feudal Age
18:21 Fletching
21:10 Wheelbarrow
20:22 Double-Bit Axe
25:41 Castle Age
26:36 Bodkin Arrow
26:03 Crossbowman
26:48 Thumb Ring
TioMg100
5:43 Loom
10:56 Feudal Age
11:48 Double-Bit Axe
11:49 Horse Collar
18:50 Scale Barding Armor
20:17 Bloodlines
20:22 Forging
25:12 Castle Age
23:29 Gold Mining
25:18 Light Cavalry
25:59 Husbandry
26:23 Chain Barding Armor
28:04 Iron Casting
duduh69
9:14 Loom
11:55 Feudal Age
13:12 Double-Bit Axe
16:14 Town Watch
18:55 Fletching
24:19 Castle Age
23:07 Horse Collar
23:20 Gold Mining
24:03 Padded Archer Armor
24:31 Crossbowman
26:12 Bodkin Arrow
27:58 Ballistics
Superpajarraco
6:28 Loom
8:50 Feudal Age
9:47 Double-Bit Axe
16:06 Forging
21:36 Castle Age
20:23 Bloodlines
Inka_Roca
10:05 Feudal Age
9:50 Loom
16:34 Castle Age
14:51 Double-Bit Axe
16:55 Champi Runner
20:23 Scale Mail Armor
24:05 Squires
打帝国需要戴老花镜
7:44 Loom
10:45 Feudal Age
14:53 Forging
15:20 Scale Barding Armor
21:16 Castle Age
19:36 Domestication
21:11 Double-Bit Axe
24:00 Gold Mining
24:46 Husbandry
高老头子
6:55 Loom
9:59 Feudal Age
13:28 Double-Bit Axe
17:35 Fletching
18:34 Padded Archer Armor
25:41 Castle Age
25:14 Gold Mining
25:52 Crossbowman
26:31 Bodkin Arrow
Connection lost

Rejoining the realm…

Still unreachable

The connection could not be restored.

Session expired

The server has moved on; the page needs a fresh start.